 Dungeon Crawl Stone Soup version 0.30-a0-782-ge64f9170bb (webtiles) character file.

Game seed: 5489397969590207101

354 browni3141 the Sneak (level 6, -5/49 HPs)
             Began as a Demonspawn Delver on Feb 19, 2023.
             Slain by an ogre
             ... wielding a +0 giant spiked club
              (14 damage)
             ... on level 4 of the Dungeon.
             The game lasted 00:17:30 (4427 turns).

browni3141 the Sneak (Demonspawn Delver)            Turns: 4427, Time: 00:17:30

Health: -5/49      AC:  8    Str: 20    XL:     6   Next: 35%
Magic:  7/15       EV: 10    Int: 14    God:
Gold:   252        SH:  0    Dex: 17    Spells: 5/5 levels left

rFire   . . .      SeeInvis .    w - +10 long sword of Autumn {chaos, *Slow rC++ MP+9 Dex+3}
rCold   + + .      Faith    .    (no shield)
rNeg    . . .      Spirit   .    y - +0 scale mail
rPois   .          Reflect  .    g - +2 hat
rElec   .          Harm     .    (no cloak)
rCorr   .          Rampage  .    (no gloves)
Will    +....                    (no boots)
Stlth   ++                       (no amulet)
HPRegen 0.28/turn                t - +6 ring of strength
MPRegen 0.14/turn                u - ring of willpower

@: hasted, very quick
A: horns 1, ignite blood 1, big brain 1
a: no special abilities


You were on level 4 of the Dungeon.
You visited 1 branch of the dungeon, and saw 6 of its levels.

You collected 252 gold pieces.

Inventory:

Hand Weapons
 b - a +0 sling
 w - the +10 long sword of Autumn (weapon) {chaos, *Slow rC++ MP+9 Dex+3}
   (You found it on level 3 of the Dungeon)

   Dex:       It affects your dexterity (+3).
   rC:        It greatly protects you from cold.
   MP:        It affects your magic capacity (+9).
   *Slow:     It may slow you when you take damage.
Armour
 a - a +0 leather armour
 g - a +2 hat (worn)
 y - a +0 scale mail (worn)
Jewellery
 s - a ring of flight
 t - a +6 ring of strength (left hand)
 u - a ring of willpower (right hand)
Wands
 f - a wand of digging (3)
Scrolls
 c - a scroll of magic mapping
 h - a scroll of fog
 i - a scroll of silence
 j - a scroll of butterflies
 k - 2 scrolls of amnesia
 l - a scroll of identify
 n - a scroll of vulnerability
 p - a scroll of enchant armour {unknown}
 q - 2 scrolls of teleportation {unknown}
 z - a scroll of brand weapon {unknown}
Potions
 d - a potion of ambrosia {unknown}
 e - a potion of haste
 m - a potion of berserk rage {unknown}
 o - 3 potions of curing {unknown}
 r - 4 potions of heal wounds {unknown}
 v - a potion of might {unknown}
 x - a potion of brilliance {unknown}


   Skills:
 + Level 4.6 Fighting
 - Level 2.0 Throwing
 - Level 2.0 Armour
 - Level 2.0 Dodging
 - Level 5.0 Stealth
 * Level 3.6 Unarmed Combat


You had 5 spell levels left.
You didn't know any spells.
Your spell library was empty.

Dungeon Overview and Level Annotations

Branches:
Dungeon (6/15)
 Temple: D:4-7

Altars:
Ashenzari
Hepliaklqana

Shops:
D:1 =


Innate Abilities, Weirdness & Mutations

You have a pair of small horns on your head.
Your demonic aura sometimes causes spilled blood to erupt in flames.
You have an unusually large brain. (Int +2)


Message History

You enter a dispersal trap!
The ogre blinks! x2; You blink.
You shoot a sling bullet. The sling bullet hits the ogre.
The ogre is moderately wounded.
You shoot a sling bullet. The sling bullet hits the ogre.
The ogre is severely wounded.
The ogre enters a dispersal trap!
You blink.
A goblin comes into view. It is wielding a +0 dagger.
The ogre blinks!
You shoot a sling bullet.
The sling bullet closely misses the goblin.
The goblin shouts!
No target in view!
You see here a +0 scale mail.
You shoot a sling bullet. The sling bullet hits the goblin!
You kill the goblin!
You shoot a sling bullet. The sling bullet hits the ogre.
The ogre is severely wounded.
You shoot a sling bullet.
The sling bullet hits the ogre but does no damage.
The ogre is severely wounded.
Really walk into that dispersal trap?
You enter a dispersal trap!
The ogre blinks!
You blink.
You feel agile.
The +10 long sword of Autumn {chaos, *Slow rC++ MP+9 Dex+3} is briefly surrounded by a scintillating aura of random colours.
h - the +10 long sword of Autumn (weapon)
{chaos, *Slow rC++ MP+9 Dex+3} Adjust (i)tems, (s)pells, or (a)bilities?
h - the +10 long sword of Autumn (weapon)
{chaos, *Slow rC++ MP+9 Dex+3} Adjust to which letter? (? for menu, Esc to quit)
w - the +10 long sword of Autumn (weapon)
{chaos, *Slow rC++ MP+9 Dex+3}
h - a scroll of fog You closely miss the ogre.
The ogre is severely wounded.
The ogre hits you with a +0 giant spiked club!!
Ouch! That really hurt!
* * * LOW HITPOINT WARNING * * *
Really walk into that dispersal trap?
You enter a dispersal trap!
The ogre blinks! x2; You blink.
You feel yourself speed up.
The ogre hits you with a +0 giant spiked club!
You die...

#.........>.........
##.....#..>.......#..
#.....###.)..###.....
#.............###.... ###
##.^.....#.....#.....
#.######...°.....[....#.....
##.#....#....................
#...)........O...............
#...........@...........#....
##...........................
###.............##..........
#.....................#...
##..#.........#.##....###.
##.##.......######.###...
######.....# ####.... #.....#
#.... ##.#### ###..


You could see an ogre.

Vanquished Creatures
  3 hounds
  A jelly (D:3)
  Jessica (D:3)
  An orc wizard (D:4)
  10 adders
  An ufetubus (D:3)
  2 worms
  A dart slug (D:2)
  5 orcs (D:4)
  6 bats
  8 endoplasms
  3 giant cockroaches
  9 hobgoblins
  4 jackals (D:1)
  4 kobolds
  4 quokkas
  11 ball pythons
  3 frilled lizards (D:1)
  2 goblins
  8 rats
87 creatures vanquished.

Notes
Turn   | Place    | Note
-------+----------+-------------------------------------------
     0 | D:5      | browni3141 the Demonspawn Delver began the quest for the
                  | Orb.
     0 | D:5      | Reached XP level 1. HP: 18/18 MP: 1/1
     9 | D:6      | Noticed a jelly
    52 | D:4      | Noticed a hound
   184 | D:3      | Noticed a hound
   234 | D:3      | Found a broken altar of Ashenzari.
   687 | D:3      | Noticed Jessica
   809 | D:3      | Gained mutation: Your demonic aura sometimes causes spilled
                  | blood to erupt in flames. [demonic ancestry]
   809 | D:3      | Reached XP level 2. HP: 24/24 MP: 2/2
  1158 | D:1      | Reached skill level 1 in Throwing
  1247 | D:1      | Found Olluiv's Jewellery Shop.
  1618 | D:1      | Reached XP level 3. HP: 9/29 MP: 3/3
  2508 | D:2      | Gained mutation: You have a pair of small horns on your
                  | head. [demonic ancestry]
  2508 | D:2      | Reached XP level 4. HP: 34/35 MP: 4/4
  2719 | D:2      | Reached skill level 1 in Armour
  3024 | D:2      | Identified a scroll of acquirement
  3029 | D:2      | Acquired a +2 hat
  3191 | D:3      | Reached skill level 5 in Stealth
  3241 | D:3      | Found a hazy altar of Hepliaklqana.
  3252 | D:3      | Identified the +10 long sword of Autumn {chaos, *Slow rC++
                  | MP+9 Dex+3}
  3510 | D:3      | Reached XP level 5. HP: 27/42 MP: 5/5
  3662 | D:3      | Killed Jessica
  3880 | D:4      | Noticed an ogre
  3888 | D:3      | Gained mutation: You have an unusually large brain. (Int
                  | +2) [demonic ancestry]
  3888 | D:3      | Reached XP level 6. HP: 48/49 MP: 6/6
  4427 | D:4      | Slain by an ogre

Illustrated notes

Levels and vault maps discovered:
D:1:      heliophobic_arrival_henge, layout_rooms, serial_shops, shop,
          minmay_close_crescents
D:2:      layout_basic
D:3:      layout_basic, lemuel_crystal_altar, mainiacjoe_overflow_brackets,
          uniq_jessica
D:4:      layout_cave_pools
D:5:      nicolae_cairo_tiling_large_dashed, layout_loops_ring
D:6:      layout_basic, nicolae_sif_muna_little_library,
          chequers_temple_overflow_statue_of_worship,
          minmay_temple_entry_large_hall, lightli_sewer_entry_pipes

Skill      XL: |  1  2  3  4  5 |
---------------+----------------+-----
Unarmed Combat | 2 3 |  3.6
Throwing       | 1 2 |  2.0
Dodging        | 2 |  2.0
Armour         | 2 |  2.0
Stealth        | 5 |  5.0
Fighting       | 4 |  4.6

Action                     |  1- 3 |  4- 6 || total
---------------------------+-------+-------++-------
  Melee: Unarmed           |   236 |    53 ||   289
         Punch             |     2 |     3 ||     5
         Headbutt          |       |    12 ||    12
         Long sword        |       |    37 ||    37
   Fire: Sling             |       |    67 ||    67
  Throw: Dart              |    21 |    17 ||    38
    Use: Scroll            |     1 |     6 ||     7
         Potion            |       |     1 ||     1
   Stab: Sleeping          |     8 |       ||     8
 Armour: Leather armour    |    62 |     3 ||    65
         Scale mail        |       |    71 ||    71
  Dodge: Dodged            |   166 |    85 ||   251

Table legend: (Time is in decaauts)
 A = Elapsed time spent in this place.
 B = Non-inter-level travel time spent in this place.
 C = Inter-level travel time spent in this place.
 D = Time resting spent in this place.
 E = Time spent auto-exploring this place.
 F = Levels seen in this place.
 G = Mean time per level.
                   A        B        C        D        E       F      G
               +--------+--------+--------+--------+--------+-----+--------+
         Total |   4448 |   4175 |    273 |    722 |   1980 |   6 |  741.3 |
       Dungeon |   4448 |   4175 |    273 |    722 |   1980 |   6 |  741.3 |
               +--------+--------+--------+--------+--------+-----+--------+

Top non-repeatable levels by time:
     D:3: 1703 daAuts
     D:2: 1217 daAuts
     D:1: 841 daAuts
     D:4: 636 daAuts
     D:5: 32 daAuts
     D:6: 17 daAuts
